AoeStats
← Hector Of Troy

Lombardia

509919219Analyzed
2v2 RM · 3d ago on Sep 28, 2026· 52m 10s· 4 players
Game mode
Random Map
Map size
Medium (4 player)
Population
200
Speed
Normal
Resources
Standard
Victory
Conquest
Starting age
Dark Age
Ending age
Imperial Age
RankedLock teamsTeams togetherTeam positionsShared explorationLock speedFull tech treeHidden civsTurbo modeCheats
Victory
Defeat
🇹🇷 Bulgarians · Türkiye
1095
+13
🇹🇷 Britons · Türkiye
1068
+14
🇩🇪 Saxons · Germany
1027
-14
🇩🇪 Hindustanis · Germany
1022
-13
Hector Of Troy
7:35 Loom
10:34 Feudal Age
18:05 Castle Age
22:25 Forging
22:21 Scale Barding Armor
23:18 Wheelbarrow
22:25 Horse Collar
22:32 Double-Bit Axe
27:59 Gold Mining
29:09 Scale Mail Armor
29:45 Iron Casting
29:31 Chain Barding Armor
29:09 Gambesons
29:24 Squires
29:56 Husbandry
30:28 Bloodlines
38:23 Imperial Age
39:40 Plate Barding Armor
39:21 Chain Mail Armor
40:18 Blast Furnace
40:17 Hand Cart
44:29 Plate Mail Armor
46:24 Stirrups
47:07 Bow Saw
47:01 Heavy Plow
49:20 Capped Ram
51:10 Siege Ram
Caniko
7:13 Loom
10:00 Feudal Age
12:07 Double-Bit Axe
14:33 Castle Age
12:30 Horse Collar
12:56 Gold Mining
19:42 Fletching
22:14 Bow Saw
23:42 Wheelbarrow
24:49 Padded Archer Armor
27:11 Crossbowman
27:55 Bodkin Arrow
28:16 Leather Archer Armor
28:29 Heavy Plow
29:06 Ballistics
32:09 Masonry
33:58 Scale Barding Armor
34:04 Forging
33:56 Treadmill Crane
34:29 Fortified Wall
36:53 Imperial Age
34:38 Husbandry
39:26 Imperial Age
38:03 Gold Shaft Mining
38:50 Hand Cart
38:20 Town Watch
39:08 Chain Barding Armor
40:05 Iron Casting
39:34 Cavalier
40:30 Bracer
41:14 Arbalester
44:09 Ring Archer Armor
44:40 Blast Furnace
44:15 Plate Barding Armor
44:43 Chemistry
45:06 Yeomen
49:53 Conscription
52:17 Warwolf
Lord Ice
7:15 Loom
10:14 Feudal Age
11:18 Man-at-Arms
11:44 Arson
12:57 Fletching
14:52 Forging
22:01 Castle Age
20:03 Double-Bit Axe
20:42 Horse Collar
23:32 Scale Mail Armor
25:36 Squires
26:48 Iron Casting
28:16 Chain Mail Armor
30:19 Gold Mining
34:19 Bodkin Arrow
35:50 Wheelbarrow
37:30 Padded Archer Armor
41:37 Elite Skirmisher
42:23 Thumb Ring
44:59 Imperial Age
45:43 Bracer
45:59 Leather Archer Armor
45:15 Cranequins
47:30 Ballistics
48:10 Chemistry
48:09 Hand Cart
wololo
7:22 Loom
11:43 Feudal Age
16:22 Castle Age
16:07 Horse Collar
18:51 Wheelbarrow
18:58 Heavy Plow
21:30 Double-Bit Axe
25:17 Hand Cart
24:53 Fletching
25:34 Town Watch
26:21 Bodkin Arrow
28:17 Town Patrol
28:57 Scale Mail Armor
30:48 Grand Trunk Road
34:03 Imperial Age
33:53 Chain Mail Armor
35:46 Chemistry
35:56 Chain Mail Armor
37:36 Forging
40:34 Iron Casting
40:01 Padded Archer Armor
44:56 Bracer
47:36 Shatagni
49:36 Blast Furnace
50:36 Leather Archer Armor
50:47 Conscription
Connection lost

Rejoining the realm…

Still unreachable

The connection could not be restored.

Session expired

The server has moved on; the page needs a fresh start.